 Dungeon Crawl Stone Soup version 0.25.1-2-g60ff931df9 (webtiles) character file.

Game seed: 13404522880864717443

219 KamiKatze the Cutter (level 5, -2/28 HPs)
             Began as a Vine Stalker Fighter on Sept 6, 2020.
             Slain by an orc
             ... wielding a +0 mace
              (5 damage)
             ... on level 3 of the Dungeon.
             The game lasted 00:07:54 (1989 turns).

KamiKatze the Cutter (Vine Stalker Fighter)         Turns: 1989, Time: 00:07:55

Health: -2/28      AC:  8    Str: 20    XL:     5   Next: 96%
Magic:  0/6        EV:  7    Int:  8    God:
Gold:   83         SH:  9    Dex: 13    Spells: 4/4 levels left

rFire    . . .     SeeInvis .   a - +0 rapier
rCold    . . .     Gourm    .   c - +0 kite shield
rNeg     . . .     Faith    .   b - +0 scale mail
rPois    .         Spirit   +   w - +0 helmet
rElec    .         Reflect  .   (no cloak)
rCorr    .         Harm     .   (no gloves)
MR       .....                  (no boots)
Stlth    ..........             (no amulet)
HPRegen  0.49/turn              (no ring)
MPRegen  0.10/turn              (no ring)

@: no status effects
A: fangs 2, regeneration 1, magic shield, antimagic bite, no potion heal 3, rot
immunity
a: no special abilities


You were on level 3 of the Dungeon.
You were not hungry.

You visited 1 branch of the dungeon, and saw 3 of its levels.

You collected 83 gold pieces.

Inventory:

Hand Weapons
 a - a +0 rapier (weapon)
Missiles
 k - 136 stones (quivered)
 x - a throwing net
Armour
 b - a +0 scale mail (worn)
 c - a +0 kite shield (worn)
 w - a +0 helmet (worn)
 y - a +0 chain mail
Jewellery
 j - an uncursed ring of see invisible {unknown}
Scrolls
 h - 2 scrolls of immolation {unknown}
 i - 3 scrolls of identify {unknown}
 n - a scroll of teleportation {unknown}
 s - 2 scrolls of remove curse {unknown}
 u - a scroll of fear {unknown}
Potions
 d - 2 potions of might
 e - 2 potions of heal wounds {unknown}
 l - a potion of mutation {unknown}
 m - a potion of invisibility {unknown}
 o - 4 potions of lignification {unknown}
 p - a potion of stabbing {unknown}
 q - a potion of brilliance {unknown}
 r - a potion of resistance {unknown}
 t - a potion of cancellation {unknown}
 v - a potion of curing {unknown}
Comestibles
 f - 6 rations
 g - 2 chunks of flesh


   Skills:
 + Level 3.5 Fighting
 * Level 3.7 Short Blades
 + Level 3.2 Armour
 + Level 3.4 Shields


You had 4 spell levels left.
You didn't know any spells.
Your spell library was empty.

Dungeon Overview and Level Annotations

Branches:
Dungeon (3/15)

Altars:
Qazlal


Innate Abilities, Weirdness & Mutations

You have extremely sharp teeth.
Your natural rate of healing is unusually fast.
When hurt, damage is shared between your health and your magic reserves.
Your bite disrupts and absorbs the magic of your enemies.
Potions cannot restore your health.
You are immune to rotting.


Message History

Pain shoots through your body!
* * * LOW HITPOINT WARNING * * *
You hit the orc priest. You bite the orc priest.
You kill the orc priest!
The orc hits you but does no damage. You block the orc's attack.
You block the orc wizard's attack.
Unknown command.
You closely miss the orc wizard.
You bite the orc wizard, but do no damage.
The orc closely misses you. You block the orc's attack.
The orc wizard hits you with a +0 dagger.
* * * LOW HITPOINT WARNING * * *
You block the orc wizard's attack.
You hit the orc wizard.
You bite the orc wizard, but do no damage.
The orc wizard is moderately wounded.
The orc wizard barely misses you. You block the orc's attack.
You barely miss the orc. The orc hits you with a +0 mace.
You die...

#.........! .....
.......... .o..o..
#........
........######.......
.../......##....)#
..............).<#
......##.....#o..#
..........####o..#
.......<..# #@o.#
...######## #...#
#####


You could see an orc wizard and 2 orcs.

Vanquished Creatures
  An orc priest (D:3)
  Jessica (D:2)
  Robin (D:2)
  4 gnolls
  4 adders (D:2)
  An ooze (D:1)
  4 dart slugs
  An orc (D:3)
  13 goblins
  9 hobgoblins
  3 jackals (D:2)
  13 bats
  2 frilled lizards (D:1)
  6 kobolds
  4 rats (D:1)
67 creatures vanquished.

Notes
Turn   | Place    | Note
-------+----------+-------------------------------------------
     0 | D:1      | KamiKatze the Vine Stalker Fighter began the quest for the
                  | Orb.
     0 | D:1      | Reached XP level 1. HP: 11/11 MP: 2/2
   106 | D:1      | Reached XP level 2. HP: 14/16 MP: 3/3
   550 | D:1      | Reached XP level 3. HP: 19/19 MP: 4/4
  1046 | D:2      | Found a stormy altar of Qazlal.
  1094 | D:1      | Gained mutation: Your natural rate of healing is unusually
                  | fast. [Vine Stalker growth]
  1094 | D:1      | Reached XP level 4. HP: 17/24 MP: 5/5
  1288 | D:2      | Noticed Robin
  1406 | D:2      | Reached XP level 5. HP: 28/28 MP: 3/6
  1666 | D:2      | Killed Robin
  1691 | D:2      | Noticed Jessica
  1697 | D:2      | Killed Jessica
  1983 | D:3      | HP: 1/28 [orc priest/nerve-wracking pain (2)]
  1989 | D:3      | Slain by an orc

Illustrated notes

Levels and vault maps discovered:
D:1:      matt_arrival_los_fun, layout_basic
D:2:      minmay_alternating_diamond, layout_rooms, overflow_temple_1_default,
          st_stairs_3, uniq_jessica, uniq_robin
D:3:      layout_rooms, okawaru_ov_weapons_minmay,
          chequers_ecumenical_altar_twisty, minmay_misc_feat_secret_circle

Skill      XL: |  1  2  3  4 |
---------------+-------------+-----
Short Blades   | 2 3 |  3.7
Fighting       | 3 |  3.5
Shields        | 3 |  3.4
Armour         | 3 |  3.2

Action                   |  1- 3 |  4- 6 || total
-------------------------+-------+-------++-------
Melee: Rapier            |    96 |   108 ||   204
       Bite              |    19 |    34 ||    53
Throw: Stone             |     8 |       ||     8
  Eat: Chunk             |     1 |     3 ||     4
Armor: Scale mail        |    34 |    50 ||    84
Dodge: Dodged            |    23 |    33 ||    56
Block: Kite shield       |    59 |    81 ||   140
